 Dungeon Crawl Stone Soup version 0.30-a0-509-gd016549fea (webtiles) character file.

Game seed: 2967330714213719350

303 XLettuce the Stinger (level 6, -4/44 HPs)
             Began as a Demonspawn Venom Mage on Dec 22, 2022.
             Was a Priest of Makhleb.
             Slain by a bullfrog (5 damage)
             ... in a sewer.
             The game lasted 00:12:27 (2448 turns).

XLettuce the Stinger (Demonspawn Venom Mage)        Turns: 2448, Time: 00:12:28

Health: -4/44      AC:  4    Str:  8    XL:     6   Next: 15%
Magic:  6/11       EV: 15    Int: 19    God:    Makhleb [***...]
Gold:   132        SH:  0    Dex: 13    Spells: 5/11 levels left

rFire   . . .      SeeInvis .    m - +2 whip (venom)
rCold   . . .      Faith    .    q - orb {light}
rNeg    . . .      Spirit   .    h - +0 leather armour
rPois   .          Reflect  .    (helmet currently unavailable)
rElec   .          Harm     .    (no cloak)
rCorr   .          Rampage  .    p - +0 pair of gloves
Will    .....                    (boots currently unavailable)
Stlth   +.........               (no amulet)
HPRegen 0.27/turn                (no ring)
MPRegen 0.12/turn                (no ring)

@: appendages (expiring), wereblooded, very slightly contaminated, glowing, very
slow
A: horns 2, talons 2, repulsion field 2, powered by death 2
a: End Transformation, Renounce Religion, Minor Destruction, Lesser Servant of
Makhleb


You were in a sewer.
You worshipped Makhleb.
Makhleb was most pleased with you.
You had temporarily grown beastly horns and talons.
You visited 1 branch of the dungeon, and saw 3 of its levels.
You also visited: Sewer.

You collected 132 gold pieces.

Inventory:

Hand Weapons
 m - a +2 whip of venom (weapon)
Armour
 a - a +0 robe
 h - a +0 leather armour (worn)
 l - a +0 ring mail
 p - a +0 pair of gloves (worn)
 q - an orb of light (worn)
 s - a +0 plate armour
Magical Staves
 r - a staff of cold
Scrolls
 d - 3 scrolls of identify {unknown}
 e - a scroll of enchant weapon {unknown}
 g - a scroll of immolation {unknown}
 k - a scroll of magic mapping {unknown}
 n - a scroll of noise {unknown}
 o - 3 scrolls of fear {unknown}
 u - a scroll of acquirement {unknown}
 v - a scroll of teleportation {unknown}
Potions
 b - a potion of magic
 c - 3 potions of curing
 f - a potion of might {unknown}
 i - a potion of ambrosia {unknown}
 j - a potion of heal wounds {unknown}
 t - 2 potions of berserk rage {unknown}


   Skills:
 + Level 1.9 Fighting
 + Level 1.3 Maces & Flails
 + Level 2.5 Dodging
 - Level 1.7 Stealth
 * Level 3.4 Spellcasting
 + Level 2.0 Transmutations
 * Level 4.4 Poison Magic


You had 5 spell levels left.
You knew the following spells:

 Your Spells              Type           Power      Damage    Failure   Level
a - Sting                 Tmut/Pois      60%        1d6       5%          1
b - Poisonous Vapours     Pois/Air       22%        N/A       13%         2
c - Wereblood             Tmut           11%        N/A       14%         2
d - Beastly Appendage     Tmut           22%        N/A       9%          1

Your spell library contained the following spells:

 Spells                   Type           Power      Damage    Failure   Level
 Spider Form              Tmut/Pois      15%        N/A       17%         3
 Mephitic Cloud           Conj/Pois/Air  8%         N/A       34%         3
 Olgreb's Toxic Radiance  Pois           20%        N/A       34%         4


Dungeon Overview and Level Annotations

Branches:
Dungeon (3/15)              Sewer (1/1)

Altars:
Makhleb


Innate Abilities, Weirdness & Mutations

You have temporarily grown beastly horns and talons.
You are surrounded by a moderate repulsion field. (EV +3)
You regenerate health from kills.


Message History

The bullfrog hits you but does no damage.
The bullfrog closely misses you. The frilled lizard misses you.
The ball python barely misses you. The ball python misses you.
The ball python constricts you. The bullfrog barely misses you.
The bullfrog hits you.
You escape the ball python's grasp.
The bullfrog attacks as you move away! The bullfrog hits you.
* * * LOW HITPOINT WARNING * * *
The frilled lizard barely misses you.
The ball python bites you but does no damage.
The ball python barely misses you.
You enter the shallow water.
Moving in this stuff is going to be slow.
The bullfrog barely misses you.
The ball python bites you but does no damage.
The ball python closely misses you.
Casting: Sting (safe; 5% risk of failure)
Confirm with . or Enter, or press ? or * to list all spells.
Okay, then.
You feel better. The bullfrog barely misses you. x2
A frilled lizard comes into view.
The frilled lizard hisses.
The ball python bites you. The ball python misses you.
The bullfrog hits you but does no damage.
The bullfrog swells and bulges.
The bullfrog closely misses you.
Your unstable footing causes you to fumble your attack.
The ball python misses you. x2; The bullfrog hits you.
* * * LOW HITPOINT WARNING * * *
The ball python completely misses you. The ball python barely misses you.
The bullfrog hits you.
* * * LOW HITPOINT WARNING * * *
Casting: Sting (safe; 5% risk of failure)
Confirm with . or Enter, or press ? or * to list all spells.
Your blood is freshly infused with primal strength!
Your transformation is almost over.
The bullfrog hits you.
* * * LOW HITPOINT WARNING * * *
The bullfrog hits you.
You die...

#....'..# #....#..#
##†.†####
#....################## #
#......≈≈≈≈≈≈≈≈≈≈≈≈≈≈≈#..
##....~≈≈≈≈≈≈≈≈≈≈≈≈≈≈≈~..
#....~~~†~≈≈≈≈≈≈≈~~~≈~..
#....~≈≈≈~~S#F≈≈~~≈≈~~..
##...~≈≈≈≈≈≈@Sl~≈≈l≈≈~..
###..≈≈≈≈≈≈≈FS≈≈≈≈≈≈#..
###################


You could see 2 bullfrogs, 3 ball pythons and 2 frilled lizards.

Vanquished Creatures
  An ice beast (D:3)
  8 adders
  4 river rats (Sewer)
  4 worms
  7 bats
  4 endoplasms
  3 giant cockroaches
  6 hobgoblins
  7 jackals
  4 kobolds
  4 quokkas
  11 ball pythons
  3 frilled lizards
  6 goblins
  29 rats
101 creatures vanquished.

Notes
Turn   | Place    | Note
-------+----------+-------------------------------------------
     0 | D:1      | XLettuce the Demonspawn Venom Mage began the quest for the
                  | Orb.
     0 | D:1      | Reached XP level 1. HP: 13/13 MP: 3/3
   105 | D:1      | Reached skill level 1 in Transmutations
   192 | D:1      | Found a faded altar of an unknown god.
   212 | D:1      | Gained mutation: You are surrounded by a mild repulsion
                  | field. (EV +2) [demonic ancestry]
   212 | D:1      | Reached XP level 2. HP: 16/19 MP: 3/5
   228 | D:1      | Prayed at the altar of an unknown god.
   228 | D:1      | Became a worshipper of Makhleb the Destroyer
   228 | D:1      | Reached * piety under Makhleb
   294 | D:1      | Learned a level 2 spell: Poisonous Vapours
   655 | D:1      | Gained mutation: You regenerate a little health from kills.
                  | [demonic ancestry]
   655 | D:1      | Reached XP level 3. HP: 25/25 MP: 4/6
  1038 | D:2      | Reached ** piety under Makhleb
  1417 | D:2      | Gained mutation: You regenerate health from kills. [demonic
                  | ancestry]
  1417 | D:2      | Reached XP level 4. HP: 23/31 MP: 6/8
  1488 | D:2      | Learned a level 2 spell: Wereblood
  1510 | D:2      | Reached skill level 1 in Fighting
  1957 | D:3      | Noticed an ice beast
  1967 | D:3      | Killed an ice beast
  1968 | D:3      | Reached skill level 1 in Maces & Flails
  1968 | D:3      | Reached skill level 4 in Poison Magic
  1968 | D:3      | Gained mutation: You are surrounded by a moderate repulsion
                  | field. (EV +3) [demonic ancestry]
  1968 | D:3      | Reached XP level 5. HP: 37/37 MP: 6/9
  2182 | D:3      | Found a glowing drain.
  2186 | Sewer    | Entered a sewer
  2311 | Sewer    | Learned a level 1 spell: Beastly Appendage
  2321 | Sewer    | Reached *** piety under Makhleb
  2362 | Sewer    | Reached XP level 6. HP: 41/44 MP: 7/11
  2448 | Sewer    | HP: 1/44 [bullfrog (6)]
  2448 | Sewer    | Slain by a bullfrog

Illustrated notes

Levels and vault maps discovered:
D:1:      roderic_crossed_star, layout_loops_cross,
          chequers_ecumenical_altar_island
D:2:      layout_loops_ring
D:3:      layout_basic, gup_sewer_entry_bowl, minmay_misc_feat_nine_boxes,
          hangedman_abyss_or_decor_stabs, minmay_misc_feat_tower
Sewer:    sewer_minmay_w

Skill      XL: |  1  2  3  4  5 |
---------------+----------------+-----
Transmutations | 1 2 |  2.0
Dodging        | 2 |  2.5
Fighting       | 1 |  1.9
Maces & Flails | 1 |  1.3
Spellcasting   | 3 |  3.4
Poison Magic   | 4 |  4.4
Stealth        | |  1.7

Action                   |  1- 3 |  4- 6 || total
-------------------------+-------+-------++-------
Melee: Unarmed           |    15 |       ||    15
       Club              |    58 |       ||    58
       Punch             |     2 |     1 ||     3
       Whip              |    19 |   143 ||   162
       Kick              |       |     9 ||     9
       Headbutt          |       |     5 ||     5
 Cast: Sting             |    42 |     2 ||    44
       Poisonous Vapours |     3 |       ||     3
       Wereblood         |       |     7 ||     7
       Beastly Appendage |       |     4 ||     4
  Use: Potion            |       |     2 ||     2
 Stab: Sleeping          |     4 |       ||     4
Armor: Robe              |    19 |       ||    19
       Leather armour    |       |    48 ||    48
Dodge: Dodged            |   120 |   169 ||   289

Table legend: (Time is in decaauts)
 A = Elapsed time spent in this place.
 B = Non-inter-level travel time spent in this place.
 C = Inter-level travel time spent in this place.
 D = Time resting spent in this place.
 E = Time spent auto-exploring this place.
 F = Levels seen in this place.
 G = Mean time per level.
                   A        B        C        D        E       F      G
               +--------+--------+--------+--------+--------+-----+--------+
         Total |   2523 |   2415 |    108 |     23 |   1458 |   4 |  630.8 |
       Dungeon |   2218 |   2110 |    108 |     23 |   1458 |   3 |  739.3 |
         Sewer |    304 |    304 |      0 |      0 |      0 |   1 |  304.0 |
               +--------+--------+--------+--------+--------+-----+--------+

Top non-repeatable levels by time:
     D:1: 994 daAuts
     D:2: 863 daAuts
     D:3: 360 daAuts
   Sewer: 304 daAuts
